Heat vs Marlies
(R1)
Created - March 30, 2023 at 19:15
Goals
|
| Heat |
2 |
0 |
0 |
2 |
| Marlies |
3 |
1 |
2 |
6 |
|
Shots
|
| Heat |
16 |
9 |
2 |
27 |
| Marlies |
11 |
11 |
14 |
36 |
|
1st period
1. Marlies , Nicholas Baptiste 30 (Valentin Zykov 47, Brett Pesce 58) at 0:16
2. Heat , Matthew Nieto 39 (Victor Rask 66, Evgeny Svechnikov 38) at 5:51 (PP)
3. Marlies , Colton Sissons 32 (Nicholas Baptiste 48, Valentin Zykov 48) at 6:13
4. Heat , Chris Brown 12 (Erik Brannstrom 19, Nico Sturm 11) at 7:08
5. Marlies , Aleksi Saarela 22 (Jeff Corbett 19, Tyler Benson 21) at 19:05
Penalties :
Tyler Benson (Tor) for Holding (Minor) at 5:39, Colton Sissons (Tor) for Interference (Minor) at 7:13, Victor Rask (Sto) for Slashing (Minor) at 7:36, Victor Rask (Sto) for Holding (Minor) at 13:44
2nd period
6. Marlies , Nicholas Baptiste 31 (Valentin Zykov 49, Colton Sissons 34) at 10:50
Penalties :
Dominik Masin (Sto) for Tripping (Minor) at 13:13, Erik Brannstrom (Sto) for Hooking (Minor) at 17:02
3rd period
7. Marlies , Aleksi Saarela 23 (Brett Pesce 59) at 11:17
8. Marlies , Martin Necas 15 (Logan Brown 17, Brett Pesce 60) at 18:02
Penalties :
Mathieu Brodeur (Sto) for Roughing (Minor) at 0:33, Mathieu Olivier (Tor) for Hooking (Minor) at 6:22, Tyler Benson (Tor) for Hooking (Minor) at 13:14
Goalie Stats
Michael Hutchinson (Sto), 15 saves from 17 shots - (0.882), 29:10 minutes
Vitek Vanecek (Sto), 15 saves from 19 shots - (0.789), L, 3-6-0, 30:50 minutes
Charlie Lindgren (Tor), 25 saves from 27 shots - (0.926), W, 23-11-2, 60:00 minutes
Players Stats for Heat
Player Name G A P +/- PIM S H SB GA TA FO MP PP MP PK MP
------------------------------------------------------------------------------------
Barclay Goodrow 0 0 0 -1 0 0 1 1 0 0 0/0 16:08 1:44 2:59
Brandon Hickey 0 0 0 -3 0 0 1 0 0 0 0/0 15:19 0:00 4:17
Chris Brown 1 0 1 -1 0 1 0 0 0 0 0/1 10:10 0:00 0:56
Dominik Masin 0 0 0 -3 2 0 0 0 0 0 0/0 14:19 0:00 2:48
Eric Karlsson 0 0 0 -1 0 1 0 0 0 0 0/0 10:33 0:00 1:49
Erik Brannstrom 0 1 1 -1 2 0 0 1 0 0 0/0 18:09 2:11 0:41
Evgeny Svechnikov 0 1 1 -2 0 4 3 1 1 0 0/3 18:59 2:49 0:00
Frank Corrado 0 0 0 -1 0 1 0 0 1 2 0/0 23:03 2:34 2:04
Jesper Bratt 0 0 0 -1 0 0 4 1 2 0 0/1 18:14 1:44 4:12
Mathieu Brodeur 0 0 0 -1 2 1 1 1 0 0 0/0 23:08 1:59 2:50
Matthew Nieto 1 0 1 -2 0 6 3 1 1 1 0/3 19:21 2:49 0:02
Nico Sturm 0 1 1 -1 0 0 1 0 1 1 4/6 11:46 0:00 2:15
Philip Varone 0 0 0 -1 0 6 1 0 0 0 7/17 18:44 1:44 4:25
Rasmus Andersson 0 0 0 -1 0 2 0 1 2 3 0/0 26:30 2:22 3:58
Ryan Spooner 0 0 0 -1 0 1 1 0 0 0 3/4 9:13 0:00 0:00
Tage Thompson 0 0 0 -1 0 0 0 0 0 0 0/0 8:57 0:00 0:00
Trevor Carrick 0 0 0 -1 0 1 1 0 0 0 0/0 8:43 0:00 0:00
Victor Rask 0 1 1 -2 4 3 0 2 1 0 13/26 18:44 2:48 0:00
Players Stats for Marlies
Player Name G A P +/- PIM S H SB GA TA FO MP PP MP PK MP
------------------------------------------------------------------------------------
Aleksi Saarela 2 0 2 2 0 3 1 0 0 0 6/8 18:06 4:14 1:18
Alex Formenton 0 0 0 1 0 0 1 0 1 0 0/0 11:24 0:00 0:00
Brett Pesce 0 3 3 5 0 2 0 0 2 2 0/0 28:09 5:08 2:56
Colton Sissons 1 1 2 3 2 4 2 1 0 0 19/35 21:07 4:28 2:22
Dennis Gilbert 0 0 0 0 0 1 0 0 0 2 0/0 12:28 0:00 0:00
Dmitri Samorukov 0 0 0 0 0 1 0 1 0 1 0/0 12:28 0:00 0:00
Henri Ikonen 0 0 0 -1 0 1 1 0 0 0 0/0 8:40 0:00 0:33
Jeff Corbett 0 1 1 5 0 2 0 1 0 3 0/0 28:09 5:08 2:56
Keaton Thompson 0 0 0 0 0 1 3 1 0 0 0/0 19:23 3:11 1:37
Logan Brown 0 1 1 1 0 2 3 0 1 0 5/8 13:36 0:02 1:26
Martin Necas 1 0 1 1 0 4 0 0 0 0 0/0 11:24 0:00 0:00
Mathieu Olivier 0 0 0 2 2 1 3 0 0 0 0/0 16:08 3:51 0:00
Matthew Highmore 0 0 0 -1 0 1 1 0 0 0 1/5 7:56 0:00 0:00
Nicholas Baptiste 2 1 3 3 0 5 0 0 0 0 0/1 17:56 4:03 0:00
Pierre-Olivier Joseph 0 0 0 0 0 2 0 0 0 1 0/0 19:23 3:11 1:37
Tobias Lindberg 0 0 0 -1 0 1 0 0 0 0 1/1 7:56 0:00 0:00
Tyler Benson 0 1 1 2 4 2 0 0 0 0 2/2 17:44 4:14 0:33
Valentin Zykov 0 3 3 3 0 3 2 0 3 0 0/1 21:50 4:05 2:54
3 Stars
1 - Nicholas Baptiste (Tor)
2 - Brett Pesce (Tor)
3 - Aleksi Saarela (Tor)
Power Play
Heat - 1 on 4 Attempt(s) - 25.00%
Marlies - 0 on 5 Attempt(s) - 0.00%
Penalty Kill
Heat - 5 on 5 Attempt(s) - 100.00%
- Score 0 goal in Penalty Kill
Marlies - 3 on 4 Attempt(s) - 75.00%
- Score 0 goal in Penalty Kill
Team Stat
Heat - Hits : 17 - Faceoff Wins : 27 - Blocked Shots : 9 - Penalty Minutes : 10
Marlies - Hits : 17 - Faceoff Wins : 34 - Blocked Shots : 4 - Penalty Minutes : 8
Official
Referees : Michael Markovic and Gord Dwyer
Linesman : Derek Nansen and Brian Mach
Game Notes
Michael Hutchinson enters game at 10:50 of 2nd period
Finance
Level 1 -- Attendance: 1852 (92.60%) -- Ticket Income $64,820
Level 2 -- Attendance: 864 (86.40%) -- Ticket Income $12,960
Total Attendance: 2716 (90.53%)
Total Ticket Income: $77,780
Other Income: $3,889
Total Income: $81,669
Heat
5 vs 5 Forward
Center Left Wing Right Wing Time % Phy DF OF
1 Victor Rask Matthew Nieto Evgeny Svechnikov 40 1 2 2
2 Philip Varone Jesper Bratt Barclay Goodrow 30 1 2 2
3 Ryan Spooner Eric Karlsson Trevor Carrick 20 1 2 2
4 Nico Sturm Chris Brown Tage Thompson 10 1 2 2
5 vs 5 Defense
Defense Defense Time % Phy DF OF
1 Rasmus Andersson Frank Corrado 40 1 2 2
2 Erik Brannstrom Mathieu Brodeur 30 1 2 2
3 Brandon Hickey Dominik Masin 20 1 2 2
4 Rasmus Andersson Mathieu Brodeur 10 1 2 2
PowerPlay Forward
Center Left Wing Right Wing Time % Phy DF OF
1 Victor Rask Matthew Nieto Evgeny Svechnikov 60 1 2 2
2 Philip Varone Jesper Bratt Barclay Goodrow 40 1 2 2
PowerPlay Defense
Defense Defense Time % Phy DF OF
1 Rasmus Andersson Frank Corrado 60 1 2 2
2 Erik Brannstrom Mathieu Brodeur 40 1 2 2
Penalty Kill 4 Players Forward
Center Wing Time % Phy DF OF
1 Philip Varone Jesper Bratt 60 1 2 2
2 Nico Sturm Barclay Goodrow 40 1 2 2
Penalty Kill 4 Players Defense
Defense Defense Time % Phy DF OF
1 Rasmus Andersson Dominik Masin 60 1 2 2
2 Brandon Hickey Mathieu Brodeur 40 1 2 2
Penalty Kill - 3 Players Forward
Forward Time % Phy DF OF
1 Matthew Nieto 60 1 2 2
2 Philip Varone 40 1 2 2
Penalty Kill - 3 Players Defense
Defense Defense Time % Phy DF OF
1 Rasmus Andersson Frank Corrado 60 1 2 2
2 Brandon Hickey Mathieu Brodeur 40 1 2 2
4 vs 4 Forward
Center Wing Time % Phy DF OF
1 Victor Rask Matthew Nieto 60 1 2 2
2 Philip Varone Evgeny Svechnikov 40 1 2 2
4 vs 4 Defense
Defense Defense Time % Phy DF OF
1 Rasmus Andersson Frank Corrado 60 1 2 2
2 Erik Brannstrom Mathieu Brodeur 40 1 2 2
Last Minutes Offensive
Center Left Wing Right Wing Defense Defense
Victor Rask Matthew Nieto Evgeny Svechnikov Rasmus Andersson Frank Corrado
Last Minutes Defensive
Center Left Wing Right Wing Defense Defense
Philip Varone Matthew Nieto Evgeny Svechnikov Rasmus Andersson Frank Corrado
Goaltenders
Starting : Vitek Vanecek
Backup : Michael Hutchinson
Extra Forwards
Normal : Nico Sturm, Ryan Spooner, Evgeny Svechnikov - PP : Philip Varone, Chris Brown - PK : Barclay Goodrow
Extra Defensemen
Normal : Mathieu Brodeur, Erik Brannstrom, Brandon Hickey - PP : Erik Brannstrom - PK : Dominik Masin, Brandon Hickey
Penalty Shots
Evgeny Svechnikov, Matthew Nieto, Jesper Bratt, Victor Rask, Philip Varone
Scratches
Christian Jaros (Healthy), Skyler Brind'Amour (Healthy), John Gilmour (Healthy), Darren Raddysh (Healthy), Peter Cehlarik (Healthy)
Petteri Lindbohm (Healthy), Ryan Donato (Healthy), Ivan Chekhovich (Healthy), Vladislav Kamenev (Healthy), Taylor Raddysh (Healthy)
Radim Zohorna (Healthy), Collin Delia (Healthy)
Marlies
5 vs 5 Forward
Center Left Wing Right Wing Time % Phy DF OF
1 Colton Sissons Valentin Zykov Nicholas Baptiste 40 1 2 2
2 Aleksi Saarela Tyler Benson Mathieu Olivier 30 1 2 2
3 Logan Brown Alex Formenton Martin Necas 20 1 2 2
4 Matthew Highmore Henri Ikonen Tobias Lindberg 10 1 2 2
5 vs 5 Defense
Defense Defense Time % Phy DF OF
1 Brett Pesce Jeff Corbett 40 1 2 2
2 Pierre-Olivier Joseph Keaton Thompson 30 1 2 2
3 Dennis Gilbert Dmitri Samorukov 20 1 2 2
4 Brett Pesce Jeff Corbett 10 1 2 2
PowerPlay Forward
Center Left Wing Right Wing Time % Phy DF OF
1 Colton Sissons Valentin Zykov Nicholas Baptiste 60 1 2 2
2 Aleksi Saarela Tyler Benson Mathieu Olivier 40 1 2 2
PowerPlay Defense
Defense Defense Time % Phy DF OF
1 Brett Pesce Jeff Corbett 60 1 2 2
2 Pierre-Olivier Joseph Keaton Thompson 40 1 2 2
Penalty Kill 4 Players Forward
Center Wing Time % Phy DF OF
1 Colton Sissons Valentin Zykov 60 1 2 2
2 Aleksi Saarela Tyler Benson 40 1 2 2
Penalty Kill 4 Players Defense
Defense Defense Time % Phy DF OF
1 Brett Pesce Jeff Corbett 60 1 2 2
2 Pierre-Olivier Joseph Keaton Thompson 40 1 2 2
Penalty Kill - 3 Players Forward
Forward Time % Phy DF OF
1 Colton Sissons 60 1 2 2
2 Aleksi Saarela 40 1 2 2
Penalty Kill - 3 Players Defense
Defense Defense Time % Phy DF OF
1 Brett Pesce Jeff Corbett 60 1 2 2
2 Pierre-Olivier Joseph Keaton Thompson 40 1 2 2
4 vs 4 Forward
Center Wing Time % Phy DF OF
1 Colton Sissons Valentin Zykov 60 1 2 2
2 Aleksi Saarela Tyler Benson 40 1 2 2
4 vs 4 Defense
Defense Defense Time % Phy DF OF
1 Brett Pesce Jeff Corbett 60 1 2 2
2 Pierre-Olivier Joseph Keaton Thompson 40 1 2 2
Last Minutes Offensive
Center Left Wing Right Wing Defense Defense
Colton Sissons Valentin Zykov Nicholas Baptiste Brett Pesce Jeff Corbett
Last Minutes Defensive
Center Left Wing Right Wing Defense Defense
Colton Sissons Valentin Zykov Nicholas Baptiste Brett Pesce Jeff Corbett
Goaltenders
Starting : Charlie Lindgren
Backup : Logan Thompson
Extra Forwards
Normal : Logan Brown, Mathieu Olivier, Tyler Benson - PP : Logan Brown, Mathieu Olivier - PK : Logan Brown
Extra Defensemen
Normal : Keaton Thompson, Dennis Gilbert, Dmitri Samorukov - PP : Keaton Thompson - PK : Keaton Thompson, Dennis Gilbert
Penalty Shots
Nicholas Baptiste, Valentin Zykov, Colton Sissons, Aleksi Saarela, Logan Brown
Scratches
Brycen Martin (Healthy), Marc McLaughlin (Healthy), Jaden Lindo (Healthy), Jakob Forsbacka-Karlsson (Healthy), Radovan Bondra (Healthy)
Simon Bourque (Healthy), Mike Hardman (Healthy), Lucas Carlsson (Torn Left MCL Injury), Otto Koivula (Healthy), Jonathan Davidsson (Healthy)
% Time on Ice - Heat
Lines # - Real PCT - Wanted PCT - Time Play
Normal Forward
1 - 36% - 40% - 16:27
2 - 25% - 30% - 11:25
3 - 19% - 20% - 8:43
4 - 20% - 10% - 8:57
Normal Defense
1 - 37% - 40% - 16:49
2 - 33% - 30% - 15:05
3 - 25% - 20% - 11:20
4 - 5% - 10% - 2:18
PP Forward
1 - 62% - 60% - 2:49
2 - 38% - 40% - 1:44
PP Defense
1 - 56% - 60% - 2:34
2 - 44% - 40% - 1:59
PK Forward
1 - 73% - 60% - 6:06
2 - 27% - 40% - 2:13
PK Defense
1 - 58% - 60% - 4:48
2 - 42% - 40% - 3:31
PK3 Forward
1 - 0% - 60%
2 - 0% - 40%
PK3 Defense
1 - 0% - 60%
2 - 0% - 40%
44 Forward
1 - 82% - 60% - 1:19
2 - 18% - 40% - 0:17
44 Defense
1 - 67% - 60% - 1:04
2 - 33% - 40% - 0:32
Last Minute Offensive - 0:00
Last Minute Defensive - 0:00
Total
Forward - 60:00
Defense - 60:00
|
% Time on Ice - Marlies
Lines # - Real PCT - Wanted PCT - Time Play
Normal Forward
1 - 31% - 40% - 13:56
2 - 27% - 30% - 12:16
3 - 25% - 20% - 11:24
4 - 17% - 10% - 7:56
Normal Defense
1 - 41% - 40% - 18:32
2 - 30% - 30% - 13:53
3 - 27% - 20% - 12:28
4 - 1% - 10% - 0:39
PP Forward
1 - 49% - 60% - 4:05
2 - 51% - 40% - 4:14
PP Defense
1 - 62% - 60% - 5:08
2 - 38% - 40% - 3:11
PK Forward
1 - 76% - 60% - 3:27
2 - 24% - 40% - 1:06
PK Defense
1 - 64% - 60% - 2:56
2 - 36% - 40% - 1:37
PK3 Forward
1 - 0% - 60%
2 - 0% - 40%
PK3 Defense
1 - 0% - 60%
2 - 0% - 40%
44 Forward
1 - 83% - 60% - 1:20
2 - 17% - 40% - 0:16
44 Defense
1 - 56% - 60% - 0:54
2 - 44% - 40% - 0:42
Last Minute Offensive - 0:00
Last Minute Defensive - 0:00
Total
Forward - 60:00
Defense - 60:00
|
Play-by-Play
1st period
0:01 of 1st period - Colton Sissons wins face-off versus Victor Rask in neutral zone.
0:16 of 1st period - Snap shot by Nicholas Baptiste.
0:16 of 1st period - Goal by Nicholas Baptiste - Heat : 0 - Marlies : 1.
0:17 of 1st period - Tyler Benson wins face-off versus Philip Varone in neutral zone.
0:22 of 1st period - Wrist shot by Tyler Benson.
0:22 of 1st period - Shot Misses the Net.
0:32 of 1st period - Snap shot by Philip Varone.
0:32 of 1st period - Stopped by Charlie Lindgren with a rebound.
1:25 of 1st period - Snap shot by Evgeny Svechnikov.
1:25 of 1st period - Stopped by Charlie Lindgren without a rebound.
1:26 of 1st period - Matthew Highmore wins face-off versus Evgeny Svechnikov in Marlies zone.
1:52 of 1st period - Icing by Victor Rask.
1:53 of 1st period - Aleksi Saarela wins face-off versus Victor Rask in Heat zone.
1:56 of 1st period - Wrist shot by Tyler Benson.
1:56 of 1st period - Shot Misses the Net.
2:13 of 1st period - Wrist shot by Evgeny Svechnikov.
2:13 of 1st period - Stopped by Charlie Lindgren with a rebound.
2:22 of 1st period - Off-side.
2:23 of 1st period - Colton Sissons wins face-off versus Philip Varone in neutral zone.
2:34 of 1st period - Slapshot by Nicholas Baptiste.
2:34 of 1st period - Shot Misses the Net.
2:36 of 1st period - Slapshot by Dmitri Samorukov.
2:36 of 1st period - Stopped by Vitek Vanecek with a rebound.
2:38 of 1st period - Wrist shot by Nicholas Baptiste.
2:38 of 1st period - Shot Blocked by Barclay Goodrow.
2:57 of 1st period - Wrist shot by Logan Brown.
2:57 of 1st period - Stopped by Vitek Vanecek without a rebound.
2:58 of 1st period - Ryan Spooner wins face-off versus Colton Sissons in Heat zone.
4:10 of 1st period - Wrist shot by Matthew Nieto.
4:10 of 1st period - Stopped by Charlie Lindgren with a rebound.
4:12 of 1st period - Slapshot by Brandon Hickey.
4:12 of 1st period - Shot Blocked by Keaton Thompson.
4:14 of 1st period - Slapshot by Victor Rask.
4:14 of 1st period - Stopped by Charlie Lindgren with a rebound.
4:16 of 1st period - Wrist shot by Matthew Nieto.
4:16 of 1st period - Deflect By Evgeny Svechnikov.
4:16 of 1st period - Shot Misses the Net.
4:16 of 1st period - Puck is out of play.
4:17 of 1st period - Aleksi Saarela wins face-off versus Philip Varone in Marlies zone.
5:05 of 1st period - Wrist shot by Aleksi Saarela.
5:05 of 1st period - Shot Misses the Net.
5:07 of 1st period - Snap shot by Dennis Gilbert.
5:07 of 1st period - Stopped by Vitek Vanecek with a rebound.
5:09 of 1st period - Slapshot by Aleksi Saarela.
5:09 of 1st period - Shot Misses the Net.
5:37 of 1st period - Snap shot by Philip Varone.
5:37 of 1st period - Stopped by Charlie Lindgren with a rebound.
5:39 of 1st period - Minor Penalty to Tyler Benson for Holding.
5:40 of 1st period - Victor Rask wins face-off versus Colton Sissons in Marlies zone.
5:51 of 1st period - Snap shot by Matthew Nieto.
5:51 of 1st period - Goal by Matthew Nieto - Heat : 1 - Marlies : 1.
5:52 of 1st period - Colton Sissons wins face-off versus Victor Rask in neutral zone.
5:55 of 1st period - Wrist shot by Valentin Zykov.
5:55 of 1st period - Shot Blocked by Victor Rask.
6:01 of 1st period - Wrist shot by Colton Sissons.
6:01 of 1st period - Stopped by Vitek Vanecek without a rebound.
6:02 of 1st period - Colton Sissons wins face-off versus Victor Rask in Heat zone.
6:09 of 1st period - Snap shot by Valentin Zykov.
6:09 of 1st period - Shot Misses the Net.
6:11 of 1st period - Slapshot by Nicholas Baptiste.
6:11 of 1st period - Shot Misses the Net.
6:13 of 1st period - Wrist shot by Colton Sissons.
6:13 of 1st period - Goal by Colton Sissons - Heat : 1 - Marlies : 2.
6:14 of 1st period - Colton Sissons wins face-off versus Victor Rask in neutral zone.
6:52 of 1st period - Snap shot by Ryan Spooner.
6:52 of 1st period - Stopped by Charlie Lindgren without a rebound.
6:53 of 1st period - Nico Sturm wins face-off versus Matthew Highmore in Marlies zone.
6:56 of 1st period - Snap shot by Chris Brown.
6:56 of 1st period - Shot Misses the Net.
7:08 of 1st period - Snap shot by Chris Brown.
7:08 of 1st period - Goal by Chris Brown - Heat : 2 - Marlies : 2.
7:09 of 1st period - Victor Rask wins face-off versus Colton Sissons in neutral zone.
7:13 of 1st period - Minor Penalty to Colton Sissons for Interference.
7:14 of 1st period - Logan Brown wins face-off versus Evgeny Svechnikov in Marlies zone.
7:36 of 1st period - Minor Penalty to Victor Rask for Slashing.
7:37 of 1st period - Logan Brown wins face-off versus Matthew Nieto in Heat zone.
8:17 of 1st period - Evgeny Svechnikov is hit by Mathieu Olivier and loses puck.
8:42 of 1st period - Snap shot by Tyler Benson.
8:42 of 1st period - Stopped by Vitek Vanecek without a rebound.
8:43 of 1st period - Logan Brown wins face-off versus Matthew Nieto in Heat zone.
8:48 of 1st period - Snap shot by Valentin Zykov.
8:48 of 1st period - Shot Blocked by Matthew Nieto.
9:13 of 1st period - Penalty to Colton Sissons is over, Colton Sissons is back on ice.
9:21 of 1st period - Slapshot by Brett Pesce.
9:21 of 1st period - Shot Misses the Net.
9:36 of 1st period - Penalty to Victor Rask is over, Victor Rask is back on ice.
9:57 of 1st period - Snap shot by Philip Varone.
9:57 of 1st period - Shot Blocked by Jeff Corbett.
9:59 of 1st period - Slapshot by Victor Rask.
9:59 of 1st period - Deflect By Jesper Bratt.
9:59 of 1st period - Shot Blocked by Colton Sissons.
9:59 of 1st period - Puck is out of play.
10:00 of 1st period - Ryan Spooner wins face-off versus Logan Brown in Marlies zone.
10:13 of 1st period - Snap shot by Trevor Carrick.
10:13 of 1st period - Stopped by Charlie Lindgren without a rebound.
10:14 of 1st period - Victor Rask wins face-off versus Matthew Highmore in Marlies zone.
10:15 of 1st period - Slapshot by Matthew Nieto.
10:15 of 1st period - Stopped by Charlie Lindgren with a rebound.
10:17 of 1st period - Snap shot by Victor Rask.
10:17 of 1st period - Stopped by Charlie Lindgren with a rebound.
10:19 of 1st period - Snap shot by Victor Rask.
10:19 of 1st period - Deflect By Evgeny Svechnikov.
10:19 of 1st period - Stopped by Charlie Lindgren without a rebound.
10:20 of 1st period - Victor Rask wins face-off versus Matthew Highmore in Marlies zone.
10:46 of 1st period - Wrist shot by Valentin Zykov.
10:46 of 1st period - Shot Misses the Net.
10:56 of 1st period - Wrist shot by Valentin Zykov.
10:56 of 1st period - Shot Misses the Net.
11:08 of 1st period - Martin Necas is hit by Barclay Goodrow and loses puck.
11:17 of 1st period - Wrist shot by Philip Varone.
11:17 of 1st period - Stopped by Charlie Lindgren with a rebound.
12:48 of 1st period - Aleksi Saarela is hit by Nico Sturm and loses puck.
13:01 of 1st period - Dominik Masin is hit by Valentin Zykov and loses puck.
13:10 of 1st period - Wrist shot by Nicholas Baptiste.
13:10 of 1st period - Stopped by Vitek Vanecek without a rebound.
13:11 of 1st period - Philip Varone wins face-off versus Colton Sissons in Heat zone.
13:11 of 1st period - Philip Varone is hit by Valentin Zykov.
13:37 of 1st period - Victor Rask is hit by Logan Brown and loses puck.
13:42 of 1st period - Slapshot by Martin Necas.
13:42 of 1st period - Stopped by Vitek Vanecek with a rebound.
13:44 of 1st period - Minor Penalty to Victor Rask for Holding.
13:45 of 1st period - Philip Varone wins face-off versus Colton Sissons in Heat zone.
14:19 of 1st period - Snap shot by Jeff Corbett.
14:19 of 1st period - Shot Misses the Net.
14:51 of 1st period - Backhand shot by Eric Karlsson.
14:51 of 1st period - Stopped by Charlie Lindgren with a rebound.
15:05 of 1st period - Jesper Bratt is hit by Colton Sissons and loses puck.
15:44 of 1st period - Penalty to Victor Rask is over, Victor Rask is back on ice.
16:50 of 1st period - Rasmus Andersson is hit by Henri Ikonen and loses puck.
17:04 of 1st period - Keaton Thompson is hit by Jesper Bratt and loses puck.
17:18 of 1st period - Icing by Nico Sturm.
17:19 of 1st period - Logan Brown wins face-off versus Chris Brown in Heat zone.
17:47 of 1st period - Icing by Erik Brannstrom.
17:48 of 1st period - Nico Sturm wins face-off versus Logan Brown in Heat zone.
18:18 of 1st period - Snap shot by Nicholas Baptiste.
18:18 of 1st period - Deflect By Victor Rask.
18:18 of 1st period - Stopped by Vitek Vanecek with a rebound.
18:56 of 1st period - Tyler Benson is hit by Ryan Spooner and loses puck.
19:05 of 1st period - Snap shot by Aleksi Saarela.
19:05 of 1st period - Goal by Aleksi Saarela - Heat : 2 - Marlies : 3.
19:06 of 1st period - Colton Sissons wins face-off versus Victor Rask in neutral zone.
19:19 of 1st period - Jeff Corbett is hit by Matthew Nieto and loses puck.
19:34 of 1st period - Wrist shot by Philip Varone.
19:34 of 1st period - Stopped by Charlie Lindgren without a rebound.
19:35 of 1st period - Aleksi Saarela wins face-off versus Philip Varone in Marlies zone.
19:42 of 1st period - Snap shot by Aleksi Saarela.
19:42 of 1st period - Shot Misses the Net.
Goals for this period are 2 for Heat vs 3 for Marlies.
Shots for this period are 16 for Heat vs 11 for Marlies.
2nd period
0:01 of 2nd period - Victor Rask wins face-off versus Colton Sissons in neutral zone.
0:06 of 2nd period - Snap shot by Matthew Nieto.
0:06 of 2nd period - Stopped by Charlie Lindgren without a rebound.
0:07 of 2nd period - Colton Sissons wins face-off versus Victor Rask in Marlies zone.
0:07 of 2nd period - Colton Sissons is hit by Matthew Nieto.
1:07 of 2nd period - Slapshot by Rasmus Andersson.
1:07 of 2nd period - Shot Misses the Net.
1:09 of 2nd period - Slapshot by Rasmus Andersson.
1:09 of 2nd period - Stopped by Charlie Lindgren with a rebound.
1:19 of 2nd period - Snap shot by Martin Necas.
1:19 of 2nd period - Stopped by Vitek Vanecek with a rebound.
1:25 of 2nd period - Wrist shot by Nicholas Baptiste.
1:25 of 2nd period - Stopped by Vitek Vanecek with a rebound.
1:27 of 2nd period - Snap shot by Valentin Zykov.
1:27 of 2nd period - Shot Misses the Net.
2:09 of 2nd period - Wrist shot by Philip Varone.
2:09 of 2nd period - Stopped by Charlie Lindgren without a rebound.
2:10 of 2nd period - Victor Rask wins face-off versus Colton Sissons in Marlies zone.
2:37 of 2nd period - Jeff Corbett is hit by Jesper Bratt.
2:54 of 2nd period - Icing by Mathieu Brodeur.
2:55 of 2nd period - Aleksi Saarela wins face-off versus Philip Varone in Heat zone.
2:58 of 2nd period - Slapshot by Mathieu Olivier.
2:58 of 2nd period - Stopped by Vitek Vanecek without a rebound.
2:59 of 2nd period - Colton Sissons wins face-off versus Victor Rask in Heat zone.
3:08 of 2nd period - Snap shot by Nicholas Baptiste.
3:08 of 2nd period - Shot Blocked by Evgeny Svechnikov.
3:10 of 2nd period - Wrist shot by Colton Sissons.
3:10 of 2nd period - Stopped by Vitek Vanecek with a rebound.
4:46 of 2nd period - Keaton Thompson is hit by Trevor Carrick and loses puck.
5:07 of 2nd period - Wrist shot by Tyler Benson.
5:07 of 2nd period - Shot Misses the Net.
5:46 of 2nd period - Slapshot by Brett Pesce.
5:46 of 2nd period - Shot Blocked by Erik Brannstrom.
5:53 of 2nd period - Icing by Erik Brannstrom.
5:54 of 2nd period - Nico Sturm wins face-off versus Aleksi Saarela in Heat zone.
6:10 of 2nd period - Nico Sturm is hit by Mathieu Olivier.
6:50 of 2nd period - Jeff Corbett is hit by Jesper Bratt.
8:15 of 2nd period - Wrist shot by Logan Brown.
8:15 of 2nd period - Shot Blocked by Rasmus Andersson.
8:45 of 2nd period - Dominik Masin is hit by Keaton Thompson.
8:55 of 2nd period - Wrist shot by Aleksi Saarela.
8:55 of 2nd period - Stopped by Vitek Vanecek with a rebound.
8:57 of 2nd period - Wrist shot by Tyler Benson.
8:57 of 2nd period - Stopped by Vitek Vanecek with a rebound.
9:06 of 2nd period - Off-side.
9:07 of 2nd period - Colton Sissons wins face-off versus Nico Sturm in neutral zone.
9:12 of 2nd period - Nico Sturm is hit by Keaton Thompson and loses puck.
9:19 of 2nd period - Wrist shot by Erik Brannstrom.
9:19 of 2nd period - Deflect By Nico Sturm.
9:19 of 2nd period - Shot Misses the Net.
9:19 of 2nd period - Puck is out of play.
9:20 of 2nd period - Colton Sissons wins face-off versus Victor Rask in Marlies zone.
9:59 of 2nd period - Rasmus Andersson is hit by Logan Brown and loses puck.
10:15 of 2nd period - Slapshot by Pierre-Olivier Joseph.
10:15 of 2nd period - Shot Misses the Net.
10:33 of 2nd period - Brandon Hickey is hit by Matthew Highmore and loses puck.
10:42 of 2nd period - Slapshot by Brett Pesce.
10:42 of 2nd period - Shot Hit the Post.
10:44 of 2nd period - Slapshot by Henri Ikonen.
10:44 of 2nd period - Stopped by Vitek Vanecek without a rebound.
10:45 of 2nd period - Colton Sissons wins face-off versus Philip Varone in Heat zone.
10:50 of 2nd period - Snap shot by Valentin Zykov.
10:50 of 2nd period - Deflect By Nicholas Baptiste.
10:50 of 2nd period - Goal by Nicholas Baptiste - Heat : 2 - Marlies : 4.
10:50 of 2nd period - Michael Hutchinson enters game.
10:51 of 2nd period - Victor Rask wins face-off versus Colton Sissons in neutral zone.
10:58 of 2nd period - Snap shot by Victor Rask.
10:58 of 2nd period - Shot Misses the Net.
11:00 of 2nd period - Wrist shot by Evgeny Svechnikov.
11:00 of 2nd period - Deflect By Colton Sissons.
11:00 of 2nd period - Shot Misses the Net.
11:00 of 2nd period - Puck is out of play.
11:01 of 2nd period - Victor Rask wins face-off versus Colton Sissons in Marlies zone.
11:02 of 2nd period - Snap shot by Matthew Nieto.
11:02 of 2nd period - Stopped by Charlie Lindgren with a rebound.
11:04 of 2nd period - Wrist shot by Victor Rask.
11:04 of 2nd period - Stopped by Charlie Lindgren without a rebound.
11:05 of 2nd period - Victor Rask wins face-off versus Valentin Zykov in Marlies zone.
11:06 of 2nd period - Wrist shot by Matthew Nieto.
11:06 of 2nd period - Shot Misses the Net.
11:08 of 2nd period - Snap shot by Matthew Nieto.
11:08 of 2nd period - Stopped by Charlie Lindgren with a rebound.
11:10 of 2nd period - Slapshot by Frank Corrado.
11:10 of 2nd period - Stopped by Charlie Lindgren without a rebound.
11:11 of 2nd period - Victor Rask wins face-off versus Colton Sissons in Marlies zone.
11:28 of 2nd period - Slapshot by Rasmus Andersson.
11:28 of 2nd period - Deflect By Brett Pesce.
11:28 of 2nd period - Stopped by Charlie Lindgren without a rebound.
11:29 of 2nd period - Tyler Benson wins face-off versus Jesper Bratt in Marlies zone.
11:57 of 2nd period - Wrist shot by Matthew Nieto.
11:57 of 2nd period - Shot Misses the Net.
12:48 of 2nd period - Backhand shot by Pierre-Olivier Joseph.
12:48 of 2nd period - Stopped by Michael Hutchinson with a rebound.
13:06 of 2nd period - Snap shot by Martin Necas.
13:06 of 2nd period - Stopped by Michael Hutchinson with a rebound.
13:13 of 2nd period - Minor Penalty to Dominik Masin for Tripping.
13:14 of 2nd period - Philip Varone wins face-off versus Colton Sissons in Heat zone.
15:13 of 2nd period - Penalty to Dominik Masin is over, Dominik Masin is back on ice.
15:33 of 2nd period - Jeff Corbett is hit by Evgeny Svechnikov and loses puck.
15:56 of 2nd period - Wrist shot by Logan Brown.
15:56 of 2nd period - Stopped by Michael Hutchinson without a rebound.
15:57 of 2nd period - Ryan Spooner wins face-off versus Matthew Highmore in Heat zone.
16:12 of 2nd period - Wrist shot by Trevor Carrick.
16:12 of 2nd period - Deflect By Ryan Spooner.
16:12 of 2nd period - Shot Misses the Net.
16:12 of 2nd period - Puck is out of play.
16:13 of 2nd period - Philip Varone wins face-off versus Nicholas Baptiste in Marlies zone.
16:25 of 2nd period - Icing by Pierre-Olivier Joseph.
16:26 of 2nd period - Victor Rask wins face-off versus Colton Sissons in Marlies zone.
16:27 of 2nd period - Wrist shot by Evgeny Svechnikov.
16:27 of 2nd period - Stopped by Charlie Lindgren without a rebound.
16:28 of 2nd period - Colton Sissons wins face-off versus Victor Rask in Marlies zone.
17:02 of 2nd period - Minor Penalty to Erik Brannstrom for Hooking.
17:03 of 2nd period - Philip Varone wins face-off versus Colton Sissons in Heat zone.
17:28 of 2nd period - Dominik Masin is hit by Mathieu Olivier and loses puck.
18:45 of 2nd period - Pierre-Olivier Joseph is hit by Brandon Hickey and loses puck.
19:02 of 2nd period - Penalty to Erik Brannstrom is over, Erik Brannstrom is back on ice.
19:58 of 2nd period - Dennis Gilbert is hit by Matthew Nieto and loses puck.
Goals for this period are 0 for Heat vs 1 for Marlies.
Shots for this period are 9 for Heat vs 11 for Marlies.
3rd period
0:01 of 3rd period - Colton Sissons wins face-off versus Victor Rask in neutral zone.
0:06 of 3rd period - Snap shot by Colton Sissons.
0:06 of 3rd period - Shot Blocked by Victor Rask.
0:20 of 3rd period - Nicholas Baptiste is hit by Evgeny Svechnikov.
0:33 of 3rd period - Minor Penalty to Mathieu Brodeur for Roughing.
0:34 of 3rd period - Aleksi Saarela wins face-off versus Philip Varone in Heat zone.
0:35 of 3rd period - Snap shot by Tyler Benson.
0:35 of 3rd period - Shot Misses the Net.
0:37 of 3rd period - Slapshot by Jeff Corbett.
0:37 of 3rd period - Shot Misses the Net.
0:45 of 3rd period - Slapshot by Brett Pesce.
0:45 of 3rd period - Shot Misses the Net.
0:47 of 3rd period - Snap shot by Jeff Corbett.
0:47 of 3rd period - Stopped by Michael Hutchinson with a rebound.
2:13 of 3rd period - Icing by Jeff Corbett.
2:14 of 3rd period - Philip Varone wins face-off versus Aleksi Saarela in Marlies zone.
2:33 of 3rd period - Penalty to Mathieu Brodeur is over, Mathieu Brodeur is back on ice.
2:51 of 3rd period - Wrist shot by Mathieu Brodeur.
2:51 of 3rd period - Shot Misses the Net.
3:11 of 3rd period - Snap shot by Matthew Highmore.
3:11 of 3rd period - Stopped by Michael Hutchinson with a rebound.
4:34 of 3rd period - Slapshot by Brett Pesce.
4:34 of 3rd period - Stopped by Michael Hutchinson with a rebound.
4:36 of 3rd period - Wrist shot by Jeff Corbett.
4:36 of 3rd period - Shot Misses the Net.
4:38 of 3rd period - Wrist shot by Tyler Benson.
4:38 of 3rd period - Shot Hit the Post.
4:52 of 3rd period - Snap shot by Nicholas Baptiste.
4:52 of 3rd period - Shot Blocked by Jesper Bratt.
4:54 of 3rd period - Wrist shot by Valentin Zykov.
4:54 of 3rd period - Stopped by Michael Hutchinson with a rebound.
6:18 of 3rd period - Snap shot by Philip Varone.
6:18 of 3rd period - Stopped by Charlie Lindgren without a rebound.
6:19 of 3rd period - Aleksi Saarela wins face-off versus Victor Rask in Marlies zone.
6:19 of 3rd period - Aleksi Saarela is hit by Mathieu Brodeur.
6:22 of 3rd period - Minor Penalty to Mathieu Olivier for Hooking.
6:23 of 3rd period - Colton Sissons wins face-off versus Evgeny Svechnikov in Marlies zone.
6:49 of 3rd period - Brett Pesce is hit by Jesper Bratt and loses puck.
7:32 of 3rd period - Slapshot by Mathieu Brodeur.
7:32 of 3rd period - Stopped by Charlie Lindgren without a rebound.
7:33 of 3rd period - Logan Brown wins face-off versus Philip Varone in Marlies zone.
7:33 of 3rd period - Jeff Corbett is hit by Philip Varone and loses puck.
8:00 of 3rd period - Brett Pesce is hit by Evgeny Svechnikov and loses puck.
8:22 of 3rd period - Penalty to Mathieu Olivier is over, Mathieu Olivier is back on ice.
8:47 of 3rd period - Icing by Dominik Masin.
8:48 of 3rd period - Colton Sissons wins face-off versus Ryan Spooner in Heat zone.
8:49 of 3rd period - Slapshot by Pierre-Olivier Joseph.
8:49 of 3rd period - Stopped by Michael Hutchinson without a rebound.
8:50 of 3rd period - Colton Sissons wins face-off versus Philip Varone in Heat zone.
8:53 of 3rd period - Slapshot by Colton Sissons.
8:53 of 3rd period - Stopped by Michael Hutchinson without a rebound.
8:54 of 3rd period - Colton Sissons wins face-off versus Philip Varone in Heat zone.
11:17 of 3rd period - Snap shot by Aleksi Saarela.
11:17 of 3rd period - Goal by Aleksi Saarela - Heat : 2 - Marlies : 5.
11:18 of 3rd period - Victor Rask wins face-off versus Colton Sissons in neutral zone.
11:45 of 3rd period - Jesper Bratt is hit by Aleksi Saarela.
11:57 of 3rd period - Snap shot by Mathieu Olivier.
11:57 of 3rd period - Shot Misses the Net.
12:21 of 3rd period - Snap shot by Ryan Spooner.
12:21 of 3rd period - Shot Blocked by Dmitri Samorukov.
12:28 of 3rd period - Icing by Martin Necas.
12:29 of 3rd period - Tobias Lindberg wins face-off versus Nico Sturm in Marlies zone.
12:36 of 3rd period - Slapshot by Tobias Lindberg.
12:36 of 3rd period - Stopped by Michael Hutchinson without a rebound.
12:37 of 3rd period - Colton Sissons wins face-off versus Matthew Nieto in Heat zone.
13:14 of 3rd period - Minor Penalty to Tyler Benson for Hooking.
13:15 of 3rd period - Victor Rask wins face-off versus Colton Sissons in Marlies zone.
13:19 of 3rd period - Snap shot by Matthew Nieto.
13:19 of 3rd period - Shot Misses the Net.
14:08 of 3rd period - Erik Brannstrom is hit by Logan Brown and loses puck.
14:13 of 3rd period - Snap shot by Logan Brown.
14:13 of 3rd period - Shot Misses the Net.
14:15 of 3rd period - Wrist shot by Brett Pesce.
14:15 of 3rd period - Stopped by Michael Hutchinson without a rebound.
14:16 of 3rd period - Philip Varone wins face-off versus Colton Sissons in Heat zone.
15:14 of 3rd period - Penalty to Tyler Benson is over, Tyler Benson is back on ice.
15:41 of 3rd period - Snap shot by Keaton Thompson.
15:41 of 3rd period - Stopped by Michael Hutchinson without a rebound.
15:42 of 3rd period - Nico Sturm wins face-off versus Logan Brown in Heat zone.
15:42 of 3rd period - Nico Sturm is hit by Alex Formenton.
16:31 of 3rd period - Matthew Nieto is hit by Colton Sissons and loses puck.
16:36 of 3rd period - Wrist shot by Nicholas Baptiste.
16:36 of 3rd period - Shot Misses the Net.
16:42 of 3rd period - Snap shot by Valentin Zykov.
16:42 of 3rd period - Stopped by Michael Hutchinson with a rebound.
16:44 of 3rd period - Snap shot by Colton Sissons.
16:44 of 3rd period - Shot Misses the Net.
16:54 of 3rd period - Evgeny Svechnikov is hit by Keaton Thompson and loses puck.
18:02 of 3rd period - Wrist shot by Martin Necas.
18:02 of 3rd period - Goal by Martin Necas - Heat : 2 - Marlies : 6.
18:03 of 3rd period - Colton Sissons wins face-off versus Victor Rask in neutral zone.
19:21 of 3rd period - Snap shot by Henri Ikonen.
19:21 of 3rd period - Shot Misses the Net.
19:23 of 3rd period - Slapshot by Jeff Corbett.
19:23 of 3rd period - Stopped by Michael Hutchinson with a rebound.
19:40 of 3rd period - Wrist shot by Valentin Zykov.
19:40 of 3rd period - Stopped by Michael Hutchinson with a rebound.
19:42 of 3rd period - Backhand shot by Colton Sissons.
19:42 of 3rd period - Shot Blocked by Mathieu Brodeur.
Goals for this period are 0 for Heat vs 2 for Marlies.
Shots for this period are 2 for Heat vs 14 for Marlies.
Output by the SimonT Hockey Simulator (STHS) for Francois Prevost